 Dungeon Crawl Stone Soup version 0.24.1-8-ga250c9d538 (webtiles) character file.

Game seed: 875245230824171398, levelgen mode: deterministic

53 Moonwind the Cudgeler (level 3, 0/24 HPs)
             Began as a Gargoyle Chaos Knight on Apr 29, 2020.
             Was a Plaything of Xom.
             Killed from afar by an orc wizard (3 damage)
             ... with a magic dart
             ... on level 2 of the Dungeon.
             The game lasted 00:13:31 (1541 turns).

Moonwind the Cudgeler (Gargoyle Chaos Knight)       Turns: 1541, Time: 00:13:31

Health: 0/24       AC:  8    Str: 16    XL:     3   Next: 87%
Magic:  3/3        EV: 11    Int: 12    God:    Xom [..*...]
Gold:   97         SH:  0    Dex:  9    Spells: 2/2 levels left

rFire    . . .     SeeInvis .   a - +0 mace (chaos)
rCold    . . .     Gourm    .   (no shield)
rNeg     + . .     Faith    .   b - +2 leather armour
rPois    ∞         Spirit   .   (no helmet)
rElec    +         Reflect  .   (no cloak)
rCorr    +         Harm     .   (no gloves)
MR       .....                  (no boots)
Stlth    +.........             (no amulet)
HPRegen  0.08/turn              m - ring of wizardry
MPRegen  0.08/turn              o - ring of resist corrosion

@: no status effects
A: negative energy resistance 1, electricity resistance, unbreathing,
petrification resistance, rot immunity, AC +3
a: Renounce Religion


You were on level 2 of the Dungeon.
You worshipped Xom.
You were a toy of Xom.
You were not hungry.

You visited 1 branch of the dungeon, and saw 2 of its levels.

You collected 97 gold pieces.

Inventory:

Hand Weapons
 a - a +0 mace of chaos (weapon)
 f - a +2 mace of protection
Armour
 b - a +2 leather armour (worn)
Jewellery
 m - a ring of wizardry (left hand)
 o - a ring of resist corrosion (right hand)
Scrolls
 d - a scroll of random uselessness {unknown}
 g - a scroll of amnesia {unknown}
 h - a scroll of identify {unknown}
 i - a scroll of enchant armour {unknown}
 j - 3 scrolls of magic mapping {unknown}
 k - a scroll of teleportation {unknown}
 l - a scroll of blinking {unknown}
 n - a scroll of remove curse {unknown}
 q - a scroll of enchant weapon {unknown}
Potions
 e - 2 potions of magic
Comestibles
 c - 5 rations


   Skills:
 + Level 3.8 Fighting
 + Level 3.9 Maces & Flails
 + Level 2.4 Armour
 + Level 1.2 Dodging
 + Level 0.2 Stealth


You had 2 spell levels left.
You didn't know any spells.
Your spell library was empty.

Dungeon Overview and Level Annotations

Branches:
Dungeon (2/15)

Altars:


Innate Abilities, Weirdness & Mutations

You are resistant to torment.
Your stone body is resilient. (AC +3)
You are immune to poison.
You resist negative energy. (rN+)
You are resistant to electric shocks. (rElec)
You can survive without breathing.
You are immune to petrification.
You are immune to rotting.


Message History

Something completely misses your butterfly.
Something misses your butterfly. Something hits your butterfly.
Your butterfly dies!
You closely miss something. Something hits you.
* * * LOW HITPOINT WARNING * * *
You completely miss something.
Something hits you but does no damage. x2
You miss something. Something hits you but does no damage.
You closely miss something. Something hits you but does no damage.
You sock something! You freeze something.
Your butterfly disappears in a puff of smoke!
Something hits you but does no damage.
A magic dart appears from out of thin air!
The magic dart hits you.
* * * LOW HITPOINT WARNING * * *
You hear some strange, mumbled words.
Something tries to affect you, but you resist.
A magic dart appears from out of thin air!
The magic dart hits you.
You die...

##############
#.o...@.......
#.##.###.#.#.#
#.##.# # #
#.##.# #
#o##.# #
#.##.# ##.####
#.##.# .......
#$##.# ...####
#.# #


You could see an orc.

Vanquished Creatures
  An adder (D:2)
  2 dart slugs (D:1)
  2 leopard geckos
  An orc (D:2)
  3 giant cockroaches
  5 goblins
  4 hobgoblins
  4 jackals (D:2)
  5 kobolds
  2 bats
  2 frilled lizards (D:2)
  3 rats
34 creatures vanquished.

Notes
Turn   | Place    | Note
-------+----------+-------------------------------------------
     0 | D:1      | Moonwind the Gargoyle Chaos Knight began the quest for the
                  | Orb.
     0 | D:1      | Reached XP level 1. HP: 14/14 MP: 1/1
    73 | D:1      | XOM: divination: magic mapping
   487 | D:1      | Reached XP level 2. HP: 19/19 MP: 2/2
   608 | D:1      | XOM: butterfly on damage
   964 | D:1      | Reached XP level 3. HP: 22/24 MP: 3/3
  1089 | D:1      | XOM: divination: detect items
  1230 | D:2      | Reached skill level 1 in Dodging
  1504 | D:2      | XOM: cast spell 'Summon Butterflies'
  1541 | D:2      | Killed from afar by an orc wizard

Levels and vault maps discovered:
D:1:      minmay_arrival_stair_chambers, layout_loops_corners,
          minmay_pentomino_p2
D:2:      layout_loops_corners, led_sif_pool, first_ration, uniq_terence

Skill      XL: |  1  2  3 |
---------------+----------+-----
Dodging        | 1 |  1.2
Fighting       | |  3.8
Maces & Flails | |  3.9
Armour         | |  2.4
Stealth        | |  0.2

Action                   || total
-------------------------++-------
Melee: Mace              ||   149
  Use: Potion            ||     1
 Stab: Paralysed         ||     1
  Eat: Chunk             ||     2
Armor: Leather armour    ||    92
Dodge: Dodged            ||    82
